 Dungeon Crawl Stone Soup version 0.31-a0-157-g0643eb4156 (webtiles) character file.

Game seed: 536069383942422615

2248 qw the Skirmisher (level 9, -6/57 HPs)
             Began as a Gargoyle Hunter on June 12, 2023.
             Was an Initiate of Okawaru.
             Mangled by a troll (11 damage)
             ... on level 7 of the Dungeon.
             The game lasted 00:02:31 (6622 turns).

qw the Skirmisher (Gargoyle Hunter)                 Turns: 6622, Time: 00:02:32

Health: -6/57      AC: 12    Str: 16    XL:     9   Next: 37%
Magic:  9/9        EV: 13    Int:  9    God:    Okawaru [......]
Gold:   380        SH:  0    Dex: 17    Spells: 8/8 levels left

rFire   . . .        Y - +1 orcbow
rCold   + + .        (shield currently unavailable)
rNeg    + + .        i - +3 leather armour
rPois   inf          o - -2 hat of the Baker {rC++}
rElec   +            f - +0 cloak
rCorr   .            (no gloves)
SInv    +            q - +0 pair of boots
Will    .....        (no amulet)
Stlth   ++           k - ring of see invisible
HPRegen 0.29/turn    h - ring of positive energy
MPRegen 0.11/turn

%: no passive effects
@: no status effects
A: sickness immunity, AC +6, negative energy resistance 1, electricity
resistance, torment resistance 1, petrification resistance
a: Renounce Religion


You were on level 7 of the Dungeon.
You worshipped Okawaru.
Okawaru was noncommittal.
You visited 2 branches of the dungeon, and saw 8 of its levels.

You collected 380 gold pieces.


Innate Abilities, Weirdness & Mutations

You are immune to sickness and miasma.
Your stone body is resilient. (AC +6)
You are immune to poison.
You resist negative energy. (rN+)
You are resistant to electric shocks. (rElec)
You are resistant to unholy torment.
You are immune to petrification.


   Skills:
 - Level 7.1 Fighting
 + Level 10.5 Ranged Weapons
 - Level 2.2 Armour
 - Level 3.0 Dodging
 - Level 1.1 Stealth


You had 8 spell levels left.
You didn't know any spells.
Your spell library was empty.

Inventory:

Hand Weapons
 a - the +9 sling "Rokintue" {drain, rF+ rC- rN++ Stlth+}
   (You found it on level 2 of the Dungeon)

   rF:        It protects you from fire.
   rC:        It makes you vulnerable to cold.
   rN:        It greatly protects you from negative energy.
   Stlth:     It makes you more stealthy.
 Y - a +1 orcbow (weapon)
Armour
 f - a +0 cloak (worn)
 g - a +0 helmet
 i - a +3 leather armour (worn)
 o - the -2 hat of the Baker (worn) {rC++}
   (You acquired it on level 5 of the Dungeon)

   rC:        It greatly protects you from cold.
 q - a +0 pair of boots (worn)
Jewellery
 h - a ring of positive energy (right hand)
 k - a ring of see invisible (left hand)
 l - a ring of positive energy
Scrolls
 b - 2 scrolls of teleportation
 m - a scroll of identify
Potions
 c - a potion of heal wounds
 d - a potion of mutation
 e - 5 potions of curing
 j - a potion of might
 n - a potion of lignification {unknown}
 p - a potion of invisibility {unknown}
 r - a potion of resistance {unknown}
 s - a potion of haste
 w - a potion of enlightenment {unknown}

Dungeon Overview and Level Annotations

Branches:
Dungeon (7/15)             Temple (1/1) D:7

Altars:
Ashenzari
Cheibriados
Elyvilon
Fedhas
Kikubaaqudgha
Makhleb
Nemelex Xobeh
Okawaru
Qazlal
Ru
Sif Muna
Trog
Uskayaw
Vehumet
Wu Jian
Xom
Yredelemnul
Zin
The Shining One

Shops:
D:3 [


Message History

Moving in this stuff is going to be slow.
A troll comes into view.
Enter note:
Enter note:
Enter note:
Enter note:
Enter note:
Enter note:
Enter note:
Enter note:
Enter note:
Enter note:
Enter note:
Enter note: You shoot an arrow.
The arrow closely misses the troll.
The troll shouts!
You shoot an arrow.
The arrow hits the troll but does no damage.
You shoot an arrow. The arrow closely misses the troll.
You shoot an arrow. The arrow closely misses the troll.
You shoot an arrow. The arrow hits the troll!
The troll is lightly wounded.
You shoot an arrow. The arrow hits the troll!
The troll is heavily wounded.
You shoot an arrow.
The arrow hits the troll but does no damage.
The troll is moderately wounded.
The troll closely misses you. The troll claws you!
The troll completely misses you.
You shoot an arrow. The arrow closely misses the troll.
The troll bites you. The troll barely misses you. The troll claws you.
You shoot an arrow. The arrow closely misses the troll.
The troll bites you. The troll claws you! The troll barely misses you.
You shoot an arrow. The arrow barely misses the troll.
The troll bites you. The troll claws you. The troll misses you.
You shoot an arrow. The arrow hits the troll!
The troll is heavily wounded.
The troll bites you! The troll claws you but does no damage.
The troll claws you!
You die...

.....~~~~~......#
................#
#.
###..###..###.###
.# #.##
###......##.# ###
#.........#
##........##
#..........#
##.......T..#
#........@.#
#...>....#.#
##.....#####.#
#....### .#
###### #


You could see a troll.

Vanquished Creatures
  A shadow (D:6)
  3 water moccasins
  An ice beast (D:7)
  2 black bears
  2 ogres
  2 centaurs
  Blork the orc (D:6)
  A bullfrog (D:7)
  A gnoll sergeant (D:6)
  3 scorpions
  2 howler monkeys
  5 orc priests
  A gnoll bouda (D:6)
  A sleepcap (D:6)
  A scorpion zombie (D:4)
  2 iguanas
  4 orc wizards
  A hound zombie (D:4)
  14 gnolls
  6 adders
  A shadow imp (D:6)
  A white imp (D:6)
  2 ufetubi (D:4)
  2 adder zombies (D:4)
  2 dart slugs
  3 worms
  23 orcs
  4 ball pythons
  8 bats
  4 endoplasms
  5 giant cockroaches
  11 hobgoblins
  5 jackals
  7 quokkas
  4 frilled lizards
  10 goblins
  9 kobolds
  4 rats
159 creatures vanquished.

Notes
Turn   | Place    | Note
-------+----------+-------------------------------------------
     0 | D:1      | qw the Gargoyle Hunter began the quest for the Orb.
     0 | D:1      | Reached XP level 1. HP: 12/12 MP: 1/1
     0 | D:1      | 0 ||| qw: Version: 0.2-a-29-gc1b59c4
     0 | D:1      | 0 ||| qw: Game counter: 4110
     0 | D:1      | 0 ||| qw: Always use a shield: true
     0 | D:1      | 0 ||| qw: God list: Okawaru
     0 | D:1      | 0 ||| qw: Allow faded altars: false
     0 | D:1      | 0 ||| qw: Do Orc after D:15 true
     0 | D:1      | 0 ||| qw: Do second Lair branch before Depths: true
     0 | D:1      | 0 ||| qw: Lair rune preference: random
     0 | D:1      | 0 ||| qw: Plans: Normal, Zot:1-4, Slime:5, God:TSO, Crypt,
                  | Tomb, Abyss, Pan, Hells, Win
     0 | D:1      | 0 ||| PLANNING D:1-11
    79 | D:1      | Reached XP level 2. HP: 15/17 MP: 2/2
   114 | D:1      | Found a faded altar of an unknown god.
   116 | D:1      | 116 ||| UPGRADING to +0 ring mail.
   123 | D:1      | HP: 4/17 [quokka (4)]
   181 | D:1      | 181 ||| DROPPING +0 leather armour.
   182 | D:1      | Noticed a shining eye
   187 | D:1      | Noticed a great orb of eyes
   200 | D:1      | 200 ||| READING scroll labelled KIZUES GIAF.
   203 | D:1      | Noticed a floating eye
   229 | D:1      | Noticed a golden eye
   243 | D:1      | 243 ||| DROPPING scroll of butterflies.
   253 | D:1      | Reached skill level 1 in Armour
   410 | D:1      | Reached XP level 3. HP: 17/21 MP: 3/3
   546 | D:1      | 546 ||| READING scroll labelled BAD MELELYU.
   547 | D:1      | 547 ||| READING scroll labelled IROKHL ALAEHISA.
   695 | D:2      | Identified the +9 sling "Rokintue" {drain, rF+ rC- rN++
                  | Stlth+}
   697 | D:2      | 697 ||| SWAPPING to +9 sling "Rokintue" {drain, rF+ rC-
                  | rN++ Stlth+}.
   869 | D:2      | Reached skill level 5 in Ranged Weapons
  1248 | D:2      | Reached XP level 4. HP: 27/27 MP: 4/4
  1428 | D:2      | 1428 ||| READING scroll labelled SAQYSHRU FAEKI.
  1429 | D:2      | 1429 ||| READING 2 scrolls labelled ZUBISHRE ERICK.
  1430 | D:2      | 1430 ||| DRINKING 2 puce potions.
  1431 | D:2      | 1431 ||| DROPPING scroll of blinking.
  1465 | D:3      | Reached skill level 3 in Fighting
  1533 | D:3      | Reached XP level 5. HP: 22/32 MP: 5/5
  1615 | D:3      | Found Bexurior's Armour Boutique.
  1627 | D:3      | 1627 ||| SHOPLISTING +0 leather armour of Cytuf {rN++
                  | rCorr} (326 gold, have 102).
  1627 | D:3      | 1627 ||| SHOPLISTING +2 helmet (214 gold, have 102).
  1627 | D:3      | 1627 ||| SHOPLISTING +2 pair of gloves of strength (279
                  | gold, have 102).
  1655 | D:3      | Reached skill level 6 in Ranged Weapons
  1962 | D:3      | 1962 ||| READING scroll labelled NUNAFEFOME.
  1963 | D:3      | 1963 ||| READING scroll labelled FEIFOADEYR.
  2013 | D:4      | Reached XP level 6. HP: 38/38 MP: 6/6
  2020 | D:4      | Found a basalt altar of Yredelemnul.
  2814 | D:4      | 2814 ||| UPGRADING to ring of see invisible.
  2815 | D:4      | 2815 ||| READING 3 scrolls labelled KYSHRO INUUPP.
  2816 | D:4      | 2816 ||| READING scroll labelled FOHIGU YPHA.
  2817 | D:4      | 2817 ||| DROPPING 2 scrolls of fog.
  2865 | D:5      | Entered Level 5 of the Dungeon
  2884 | D:5      | Reached skill level 7 in Ranged Weapons
  2917 | D:5      | Reached XP level 7. HP: 43/43 MP: 7/7
  2985 | D:5      | Found a radiant altar of Vehumet.
  3289 | D:5      | Found a bloodstained altar of Trog.
  3335 | D:5      | Reached skill level 8 in Ranged Weapons
  3968 | D:5      | 3968 ||| UPGRADING to +0 helmet.
  3973 | D:5      | 3973 ||| UPGRADING to +0 pair of boots.
  3978 | D:5      | 3978 ||| READING scroll labelled QOWIOT YWOUDOR.
  3978 | D:5      | Identified a scroll of acquirement
  3978 | D:5      | 3978 ||| ACQUIRING -2 hat of the Baker {rC++}
  3978 | D:5      | Acquired the -2 hat of the Baker {rC++}
  3980 | D:5      | 3980 ||| UPGRADING to -2 hat of the Baker {rC++}.
  3990 | D:5      | 3990 ||| READING scroll labelled KIYLOR EFRYATZ.
  4040 | D:6      | Reached XP level 8. HP: 43/50 MP: 8/8
  4120 | D:6      | Noticed a shadow
  4124 | D:6      | Killed a shadow
  4215 | D:6      | 4215 ||| Stepping ~*~*~tactically~*~*~ (outnumbered).
  4218 | D:6      | 4218 ||| FLEEEEING.
  4219 | D:6      | 4219 ||| FLEEEEING.
  4220 | D:6      | 4220 ||| FLEEEEING.
  4221 | D:6      | 4221 ||| FLEEEEING.
  4222 | D:6      | 4222 ||| FLEEEEING.
  4223 | D:6      | 4223 ||| FLEEEEING.
  4226 | D:6      | 4226 ||| FLEEEEING.
  4227 | D:6      | 4227 ||| FLEEEEING.
  4228 | D:6      | 4228 ||| FLEEEEING.
  4229 | D:6      | 4229 ||| FLEEEEING.
  4230 | D:6      | 4230 ||| FLEEEEING.
  4231 | D:6      | 4231 ||| FLEEEEING.
  4232 | D:6      | 4232 ||| FLEEEEING.
  4233 | D:6      | 4233 ||| FLEEEEING.
  4234 | D:6      | 4234 ||| FLEEEEING.
  4235 | D:6      | 4235 ||| FLEEEEING.
  4236 | D:6      | 4236 ||| FLEEEEING.
  4237 | D:6      | 4237 ||| FLEEEEING.
  4238 | D:6      | 4238 ||| FLEEEEING.
  4239 | D:6      | 4239 ||| FLEEEEING.
  4240 | D:6      | 4240 ||| FLEEEEING.
  4241 | D:6      | 4241 ||| FLEEEEING.
  4242 | D:6      | 4242 ||| FLEEEEING.
  4243 | D:6      | 4243 ||| FLEEEEING.
  4244 | D:6      | 4244 ||| FLEEEEING.
  4245 | D:6      | 4245 ||| STAIRDANCE
  4262 | D:6      | 4262 ||| STAIRDANCE
  4364 | D:6      | 4364 ||| SWAPPING to +0 orcbow.
  4365 | D:6      | 4365 ||| DROPPING +0 shortbow.
  4366 | D:6      | 4366 ||| READING scroll of enchant weapon.
  4366 | D:6      | 4366 ||| ENCHANTING +0 orcbow.
  4400 | D:6      | Found a burning altar of Makhleb.
  4406 | D:6      | Found a broken altar of Ashenzari.
  4411 | D:6      | Found a stormy altar of Qazlal.
  4537 | D:6      | Reached skill level 9 in Ranged Weapons
  4596 | D:6      | Reached skill level 6 in Fighting
  4743 | D:6      | 4743 ||| Stepping ~*~*~tactically~*~*~ (outnumbered).
  4757 | D:6      | HP: 13/52 [orc/+2 trident of flaming (1)]
  4758 | D:6      | 4758 ||| READING 4 scrolls of teleportation.
  4759 | D:6      | 4759 ||| DRINKING potion of heal wounds.
  4985 | D:6      | 4985 ||| FLEEEEING.
  5141 | D:6      | 5141 ||| Stepping ~*~*~tactically~*~*~ (outnumbered).
  5395 | D:6      | Noticed Blork the orc
  5408 | D:6      | Killed Blork the orc
  5409 | D:6      | Reached XP level 9. HP: 56/56 MP: 9/9
  5663 | D:6      | 5663 ||| UPGRADING to +3 leather armour.
  5673 | D:6      | 5673 ||| DROPPING +0 ring mail.
  5674 | D:6      | 5674 ||| UPGRADING to ring of positive energy.
  5675 | D:6      | 5675 ||| READING 3 scrolls labelled VIALAP SALA.
  5676 | D:6      | 5676 ||| READING scroll labelled GEASOO POETURR.
  5677 | D:6      | 5677 ||| READING scroll labelled NUTHOR SOHING.
  5678 | D:6      | 5678 ||| DROPPING 2 scrolls of fear.
  5718 | D:7      | 5718 ||| STAIRDANCE
  5729 | D:6      | HP: 13/56 [gnoll/+0 spear[a gnoll sergeant] (2)]
  5730 | D:6      | Reached skill level 10 in Ranged Weapons
  5730 | D:6      | 5730 ||| READING 3 scrolls of teleportation.
  5733 | D:6      | HP: 6/56 [gnoll/+0 spear[a gnoll sergeant] (1)]
  5951 | D:7      | 5951 ||| STAIRDANCE
  5987 | D:7      | Reached skill level 3 in Dodging
  6051 | D:7      | Found a staircase to the Ecumenical Temple.
  6052 | D:7      | 6052 ||| PLANNING TEMPLE
  6503 | D:7      | 6503 ||| UPGRADING to +0 cloak.
  6508 | D:7      | 6508 ||| DRINKING 2 coppery potions.
  6509 | D:7      | 6509 ||| READING 3 scrolls of identify.
  6509 | D:7      | 6509 ||| IDENTIFYING smoky puce potion
  6510 | D:7      | 6510 ||| READING 2 scrolls of identify.
  6510 | D:7      | 6510 ||| IDENTIFYING emerald potion
  6519 | Temple   | Entered the Ecumenical Temple
  6523 | Temple   | 6523 ||| PLANNING OKAWARU WORSHIP
  6577 | Temple   | Became a worshipper of Warmaster Okawaru
  6577 | Temple   | 6577 ||| PLANNING D:1-11
  6611 | D:7      | Noticed a troll
  6622 | D:7      | HP: 5/57 [troll (14)]
  6622 | D:7      | Mangled by a troll

Levels and vault maps discovered:
D:1:      saegor_arrival_simple_c, layout_rooms,
          hellmonk_ecumenical_altar_watching_god, minmay_3d_cube
D:2:      layout_loops_corners, minmay_tiny_reverse_x
D:3:      layout_rooms, serial_shops, shop
D:4:      layout_loops_ring, nicolae_yredelemnul_corpse_copse,
          guppyfry_early_lair_pool
D:5:      layout_layer_cave, trog_butcher_becter, nicolae_vehumet_radiance
D:6:      layout_layer_cave, minmay_overflow_temple_star_quad,
          uniq_blork_the_orc
D:7:      layout_cave_pods, temple_pool_b, serial_glass, glass_columns_a,
          glass_columns_b, glass_columns_a, glass_columns_a, glass_columns_a,
          glass_columns_b, glass_columns_b, glass_columns_a,
          hellmonk_guarded_unrand_vines
Temple:   nicolae_temple_god_jail

Skill      XL: |  1  2  3  4  5  6  7  8  9 |
---------------+----------------------------+-----
Armour         | 1 2 |  2.2
Ranged Weapons | 5 6 7 8 9 10 | 10.5
Fighting       | 3 4 5 6 7 |  7.1
Dodging        | 2 3 |  3.0
Stealth        | |  1.1

Action                     |  1- 3 |  4- 6 |  7- 9 || total
---------------------------+-------+-------+-------++-------
   Fire: Shortbow          |    78 |       |       ||    78
         Sling             |    26 |   122 |    88 ||   236
         Orcbow            |       |       |   185 ||   185
    Use: Scroll            |     3 |     6 |    10 ||    19
         Potion            |       |     1 |     2 ||     3
 Armour: Leather armour    |     7 |       |    23 ||    30
         Ring mail         |    18 |    18 |    28 ||    64
         Skin              |     1 |       |       ||     1
  Dodge: Dodged            |    37 |    21 |    78 ||   136

Table legend:
 A = Non-vault XP
 B = Vault XP
 C = Vault XP percentage of total XP
 D = Non-vault monster count
 E = Vault monster count
 F = Vault count percentage of total count
                 A         B        C        D         E       F
            +---------+---------+-------+---------+---------+-------
      Total |    3005 |     207 |   6.4 |     142 |      17 |  10.7
            +---------+---------+-------+---------+---------+-------
        D:1 |      30 |       8 |  21.1 |      19 |       5 |  20.8
        D:2 |      37 |       9 |  19.6 |      21 |       2 |   8.7
        D:3 |     220 |       0 |   0.0 |      31 |       0 |   0.0
        D:4 |     126 |      83 |  39.7 |      12 |       5 |  29.4
        D:5 |     606 |       8 |   1.3 |      15 |       4 |  21.1
        D:6 |    1333 |      99 |   6.9 |      37 |       1 |   2.6
        D:7 |     653 |       0 |   0.0 |       7 |       0 |   0.0
            +---------+---------+-------+---------+---------+-------
